 Dungeon Sprint DCSS version 0.29.1-15-g9cfb28693d (webtiles) character file.

Game seed: 1933780014987443751

604 Groucho the Covert (level 7, -15/32 HPs)
             Began as a Spriggan Earth Elementalist on Apr 4, 2023.
             Was a High Priest of Dithmenos.
             Killed from afar by a rime drake (27 damage)
             ... with a flash freeze
             ... in the Dungeon (Sprint VII: "The Pits").
             The game lasted 00:04:12 (2915 turns).

Groucho the Covert (Spriggan Earth Elementalist)    Turns: 2915, Time: 00:04:12

Health: -15/32     AC:  2    Str:  6    XL:     7   Next: 18%
Magic:  8/18       EV: 21    Int: 16    God:    Dithmenos [*****.]
Gold:   0          SH:  0    Dex: 16    Spells: 16/20 levels left

rFire   . . .      SeeInvis +   h - +2 dagger (pain)
rCold   . . .      Faith    .   (no shield)
rNeg    . . .      Spirit   .   a - +0 robe
rPois   .          Reflect  .   (helmet restricted)
rElec   .          Harm     .   (no cloak)
rCorr   .          Rampage  .   (gloves unavailable)
Will    +....      NoTele   +   (boots unavailable)
Stlth   +++++++...              (no amulet)
HPRegen 0.10/turn               (no ring)
MPRegen 0.16/turn               (no ring)

@: wreathed by umbra, very quick
A: very small, no large weapons, unfitting armour, see invisible, speed 3
a: Renounce Religion, Shadow Step, Shadow Form


You were in the Dungeon.
You worshipped Dithmenos.
Dithmenos was extremely pleased with you.
You visited 1 branch

Inventory:

Hand Weapons
 h - a +2 dagger of pain (weapon)
 m - a +2 dagger of venom
Missiles
 l - 10 stones
Armour
 a - a +0 robe (worn)
Scrolls
 g - a scroll of blinking
 j - 5 scrolls of amnesia
 k - a scroll of summoning
Potions
 b - 5 potions of magic
 c - 6 potions of curing
 d - 6 potions of heal wounds
 e - a potion of haste
 f - 3 potions of berserk rage
 i - 2 potions of invisibility
 n - a potion of lignification {unknown}


   Skills:
 + Level 5.6 Short Blades
 + Level 7.7 Dodging
 + Level 9.3 Stealth
 + Level 7.2 Spellcasting
 + Level 3.9 Conjurations
 + Level 4.6 Necromancy
 - Level 1.3 Transmutations
 * Level 7.8 Earth Magic


You had 16 spell levels left.
You knew the following spells:

 Your Spells              Type           Power      Damage    Failure   Level
a - Sandblast             Erth           60%        2d14      1%          1
b - Stone Arrow           Conj/Erth      48%        3d10      3%          3

Your spell library contained the following spells:

 Spells                   Type           Power      Damage    Failure   Level
 Passwall                 Tmut/Erth      16%        N/A       2%          2
 Petrify                  Tmut/Erth      20%        N/A       19%         4


Dungeon Overview and Level Annotations

Branches:
Dungeon (1/1)

Altars:
Ashenzari
Cheibriados
Dithmenos
Elyvilon
Fedhas
Gozag
Hepliaklqana
Kikubaaqudgha
Makhleb
Nemelex Xobeh
Okawaru
Qazlal
Ru
Sif Muna
Trog
Uskayaw
Vehumet
Wu Jian
Xom
Yredelemnul
Zin
The Shining One
Jiyva
Lugonu


Innate Abilities, Weirdness & Mutations

You are very small and have problems with some larger weapons.
You are too small for most types of armour.
You have supernaturally acute eyesight. (SInv)
You cover ground extremely quickly. (Speed+++)


Message History

Aiming: Sandblast (safe; 1% risk of failure)
Press: ? - help, Shift-Dir - straight line, f/p - orc warrior
Aim: an orc warrior, wielding a +0 scimitar and wearing a +0 chain mail (moderately wounded, umbra, 81% to hit)
The blast of sand misses the orc warrior.
The blast of sand hits the rime drake!
The rime drake is heavily wounded.
Unknown command.
Casting: Sandblast (safe; 1% risk of failure)
Confirm with . or Enter, or press ? or * to list all spells.
Aiming: Sandblast (safe; 1% risk of failure)
Press: ? - help, Shift-Dir - straight line, f/p - orc warrior
Aim: an orc warrior, wielding a +0 scimitar and wearing a +0 chain mail (moderately wounded, umbra, 81% to hit)
The blast of sand hits the orc warrior!
The orc warrior is severely wounded.
Unknown command.
Unknown command.
There is an open door to the Storerooms (Easy) here.
Casting: Sandblast (safe; 1% risk of failure)
Confirm with . or Enter, or press ? or * to list all spells.
Aiming: Sandblast (safe; 1% risk of failure)
Press: ? - help, Shift-Dir - straight line, f/p - orc warrior
Aim: an orc warrior, wielding a +0 scimitar and wearing a +0 chain mail (severely wounded, umbra, 81% to hit)
The blast of sand hits the orc warrior!
You kill the orc warrior!
Dithmenos accepts your kill.
Your Spellcasting skill increases to level 7!
You have reached level 7!
Unknown command.
Casting: Sandblast (safe; 1% risk of failure)
Confirm with . or Enter, or press ? or * to list all spells.
Aiming: Sandblast (safe; 1% risk of failure)
Press: ? - help, Shift-Dir - straight line, f - rime drake
Aim: a rime drake (heavily wounded, umbra, 80% to hit)
The blast of sand hits the rime drake!
The rime drake is severely wounded.
The rime drake bites you. The rime drake breathes ice at you.
The flash freeze hits you!!
Ouch! That really hurt!
You die...

############ #_________.#
#_________.#
#_______...###########++#####
##########'##................
#.?..')))'.##......#..#......
##########.##................
#..))....)..k@....)..........
#'#####'#####......#..#......
#.#..#..#[[##................
#k#..'..#))#####'#####++#####
#.#).####).##.......#
#.#..#).#))##.......#
#.#..#..#..##.......#
#o##'#..#'###...<...#
#.#....†...##.......#


You could see a rime drake (catching breath).

Vanquished Creatures
  A floating eye (D)
  An orc warrior (D)
  2 ogres (D)
  A wolf (D)
  A jelly (D)
  An orc priest (D)
  An iron imp (D)
  Jessica (D)
  2 gnolls (D)
  An ufetubus (D)
  An orc (D)
  A goblin (D)
  A hobgoblin (D)
  3 jackals (D)
  2 kobolds (D)
  A quokka (D)
  A ball python (D)
  3 frilled lizards (D)
  2 rats (D)
27 creatures vanquished.

Notes
Turn   | Place    | Note
-------+----------+-------------------------------------------
     0 | D        | Groucho the Spriggan Earth Elementalist began the quest for
                  | the Orb.
     0 | D        | Reached XP level 1. HP: 9/9 MP: 5/5
   292 | D        | Found a bloodstained altar of Trog.
   292 | D        | Found a shimmering blue altar of Sif Muna.
   292 | D        | Found a viscous altar of Jiyva.
   292 | D        | Found a hazy altar of Hepliaklqana.
   292 | D        | Found an opulent altar of Gozag.
   293 | D        | Found a glowing golden altar of the Shining One.
   293 | D        | Found a glowing silver altar of Zin.
   293 | D        | Found a basalt altar of Yredelemnul.
   293 | D        | Found a shimmering altar of Xom.
   293 | D        | Found an ornate altar of the Wu Jian Council.
   293 | D        | Found a sacrificial altar of Ru.
   293 | D        | Found a stormy altar of Qazlal.
   293 | D        | Found an iron altar of Okawaru.
   293 | D        | Found a sparkling altar of Nemelex Xobeh.
   293 | D        | Found a burning altar of Makhleb.
   293 | D        | Found a blossoming altar of Fedhas.
   293 | D        | Found a white marble altar of Elyvilon.
   293 | D        | Found a shadowy altar of Dithmenos.
   293 | D        | Found a snail-covered altar of Cheibriados.
   295 | D        | Found a corrupted altar of Lugonu.
   295 | D        | Found a radiant altar of Vehumet.
   296 | D        | Found an ancient bone altar of Kikubaaqudgha.
   296 | D        | Found a hide-covered altar of Uskayaw.
   296 | D        | Found a broken altar of Ashenzari.
   301 | D        | Became a worshipper of Dithmenos the Shadowed
   332 | D        | Reached skill level 4 in Stealth
   332 | D        | Reached XP level 2. HP: 6/13 MP: 1/7
   704 | D        | Reached * piety under Dithmenos
   705 | D        | Reached skill level 1 in Short Blades
  1133 | D        | Reached ** piety under Dithmenos
  1255 | D        | Reached skill level 1 in Necromancy
  1314 | D        | Noticed an ogre
  1315 | D        | Noticed Jessica
  1320 | D        | Reached *** piety under Dithmenos
  1344 | D        | Killed an ogre
  1345 | D        | Reached skill level 5 in Dodging
  1345 | D        | Reached skill level 6 in Stealth
  1345 | D        | Reached skill level 5 in Earth Magic
  1345 | D        | Reached XP level 3. HP: 16/16 MP: 0/10
  1345 | D        | Reached XP level 4. HP: 21/21 MP: 0/11
  1537 | D        | Reached skill level 5 in Spellcasting
  1798 | D        | Noticed an ogre
  1804 | D        | Killed Jessica
  1805 | D        | Reached XP level 5. HP: 23/24 MP: 11/13
  1821 | D        | Killed an ogre
  1821 | D        | Reached **** piety under Dithmenos
  1822 | D        | Reached skill level 7 in Stealth
  2077 | D        | Learned a level 3 spell: Stone Arrow
  2091 | D        | Noticed a wolf
  2096 | D        | Killed a wolf
  2097 | D        | Reached skill level 8 in Stealth
  2097 | D        | Reached XP level 6. HP: 17/28 MP: 11/16
  2523 | D        | Noticed a floating eye
  2528 | D        | Killed a floating eye
  2528 | D        | Reached ***** piety under Dithmenos
  2529 | D        | Reached skill level 5 in Short Blades
  2870 | D        | Noticed an orc warrior
  2874 | D        | Noticed a rime drake
  2875 | D        | Reached skill level 9 in Stealth
  2914 | D        | Killed an orc warrior
  2915 | D        | Reached XP level 7. HP: 15/32 MP: 9/18
  2915 | D        | Killed from afar by a rime drake

Illustrated notes

Levels and vault maps discovered:
D:        pitsprint [storerooms_1, entrance_room_1, metal_vault_1, armoury_2,
          mini_pit_1, grid_room_1, main_hall_1, silver_pit, the_coven_3,
          the_vestibule_1, steel_vault_3, golden_pit, hallway_of_sentries,
          crystal_vault_5, iron_vault_2, final_vault]

Skill      XL: |  1  2  3  4  5  6 |
---------------+-------------------+-----
Dodging        | 3 5 6 7 |  7.7
Earth Magic    | 3 5 6 7 |  7.8
Spellcasting   | 3 4 5 6 7 |  7.2
Stealth        | 4 6 8 9 |  9.3
Short Blades   | 3 4 5 |  5.6
Necromancy     | 2 3 4 |  4.6
Conjurations   | 2 3 |  3.9
Transmutations | |  1.3

Action                   |  1- 3 |  4- 6 |  7- 9 || total
-------------------------+-------+-------+-------++-------
 Cast: Sandblast         |    26 |    37 |     1 ||    64
Dodge: Dodged            |     5 |    12 |       ||    17
